 Dungeon Crawl Stone Soup version 0.30-a0-42-g806c11bf1d (webtiles) character file.

Game seed: 7267237136747056586

872 jlumianski the Chopper (level 7, 0/47 HPs)
             Began as a Demonspawn Gladiator on Aug 31, 2022.
             Was a Follower of Hepliaklqana.
             Slain by a water moccasin (2 damage)
             ... on level 6 of the Dungeon.
             The game lasted 00:18:31 (5439 turns).

jlumianski the Chopper (Demonspawn Gladiator)       Turns: 5439, Time: 00:18:33

Health: 0/47       AC: 16    Str: 16    XL:     7   Next: 74%
Magic:  7/7        EV:  6    Int:  9    God:    Hepliaklqana [*.....]
Gold:   244        SH:  0    Dex: 15    Spells: 6/6 levels left

rFire   + . .      SeeInvis .    a - +1 war axe
rCold   . . .      Faith    .    (no shield)
rNeg    . . .      Spirit   .    v - +0 plate armour
rPois   .          Reflect  .    c - +2 helmet
rElec   .          Harm     .    (no cloak)
rCorr   .          Rampage  .    (no gloves)
Will    .....                    n - +0 pair of boots
Stlth   ..........               (no amulet)
HPRegen 0.15/turn                y - ring of protection from fire
MPRegen 0.10/turn                (no ring)

@: lethally poisoned (0 -> -7)
A: reduced essence, demonic guardian 1, powered by pain 1, sharp scales 1
a: Renounce Religion, Recall Ancestor, Ancestor Identity


You were on level 6 of the Dungeon.
You worshipped Hepliaklqana.
Hepliaklqana was aware of your devotion.
You visited 2 branches of the dungeon, and saw 7 of its levels.

You collected 244 gold pieces.

Inventory:

Hand Weapons
 a - a +1 war axe (weapon)
 m - a +2 hand axe of freezing
 s - a +0 sling
 A - a +0 spear of flaming
Missiles
 d - 3 throwing nets (quivered)
 j - 36 stones
Armour
 b - a +0 leather armour
 c - a +2 helmet (worn)
 i - the +1 ring mail of Louk Luw {rPois rF- Will+}
   (You found it on level 4 of the Dungeon)

   rF:        It makes you vulnerable to fire.
   rPois:     It protects you from poison.
   Will:      It increases your willpower.
 k - a +0 ring mail
 n - a +0 pair of boots (worn)
 p - a +0 chain mail
 t - a +1 hat
 v - a +0 plate armour (worn)
Jewellery
 y - a ring of protection from fire (left hand)
Wands
 B - a wand of paralysis (7)
Scrolls
 r - a scroll of identify
 x - a scroll of enchant weapon
 z - a scroll of butterflies {unknown}
Potions
 f - 2 potions of curing
 g - a potion of might
 h - a potion of lignification
 l - a potion of magic
 o - a potion of ambrosia
 q - a potion of attraction
 u - a potion of invisibility
 w - a potion of cancellation {unknown}


   Skills:
 + Level 3.7 Fighting
 + Level 6.2 Axes
 + Level 0.2 Ranged Weapons
 + Level 1.9 Throwing
 + Level 3.1 Armour
 + Level 4.0 Dodging
 + Level 1.3 Stealth


You had 6 spell levels left.
You didn't know any spells.
Your spell library contained the following spells:

 Spells                   Type           Power      Damage    Failure   Level
 Magic Dart               Conj           0%         1d3       100%        1
 Ensorcelled Hibernation  Hex/Ice        0%         N/A       100%        2
 Passwall                 Tmut/Erth      0%         N/A       100%        2
 Searing Ray              Conj           0%         2d4       100%        2
 Sublimation of Blood     Necr           0%         N/A       100%        2
 Wereblood                Tmut           0%         N/A       100%        2
 Conjure Flame            Conj/Fire      0%         6-21      100%        3
 Dazzling Flash           Conj/Hex       0%         N/A       100%        3
 Gell's Gravitas          Tloc           0%         N/A       100%        3
 Ignite Poison            Fire/Tmut/Pois 0%         N/A       100%        3
 Lesser Beckoning         Tloc           0%         N/A       100%        3
 Ozocubu's Armour         Ice            0%         N/A       100%        3
 Swiftness                Air            0%         N/A       100%        3
 Teleport Other           Tloc           0%         N/A       100%        3
 Fulminant Prism          Conj/Hex       0%         3d6       100%        4
 Sticky Flame             Conj/Fire      0%         2d3       100%        4
 Agony                    Necr           0%         N/A       100%        5
 Silence                  Hex/Air        0%         N/A       100%        5
 Ozocubu's Refrigeration  Ice            0%         4d7       100%        7
 Summon Hydra             Summ           0%         N/A       100%        7


Dungeon Overview and Level Annotations

Branches:
Dungeon (6/15)             Temple (1/1) D:5

Altars:
Ashenzari
Dithmenos
Gozag
Hepliaklqana
Kikubaaqudgha
Makhleb
Nemelex Xobeh
Okawaru
Qazlal
Sif Muna
Trog
Uskayaw
Vehumet
Wu Jian
Xom
Yredelemnul

Shops:
D:3 =   D:5 *   D:6 *

Annotations:
D:3 Grinder


Innate Abilities, Weirdness & Mutations

Your life essence is reduced to manifest your ancestor. (-10% HP)
A weak demonic guardian rushes to your aid.
You sometimes gain a little power by taking damage.
You are partially covered in razor-sharp scales. (AC +1, Slay +1)


Message History

Dunstan is destroyed!
You slash the water moccasin!
You kill the water moccasin!
Your Armour skill increases to level 3!
Your Dodging skill increases to level 4!
The water moccasin bites you but does no damage.
The water moccasin bites you.
You barely miss the water moccasin. The water moccasin bites you.
You are poisoned.
The water moccasin poisons you!
The water moccasin bites you but does no damage.
You hit the water moccasin.
The water moccasin is moderately wounded.
You feel very sick. The water moccasin bites you.
You are more poisoned.
The water moccasin poisons you!
You closely miss the water moccasin.
The water moccasin is moderately wounded.
You feel very sick. The water moccasin bites you.
The water moccasin bites you but does no damage.
You closely miss the water moccasin.
The water moccasin is moderately wounded.
You feel very sick.
The water moccasin bites you but does no damage.
The water moccasin bites you.
You barely miss the water moccasin.
The water moccasin is moderately wounded.
* * * LOW HITPOINT WARNING * * *
You feel very sick. The water moccasin bites you.
* * * LOW HITPOINT WARNING * * *
You hit the water moccasin.
The water moccasin is moderately wounded.
* * * LOW HITPOINT WARNING * * *
You feel sick. The water moccasin bites you!
* * * LOW HITPOINT WARNING * * *
A demonic guardian appears!
The water moccasin bites you.
You die...

#.#######
#........
#.#######
#.#######
#.#......
#######.#.#####
### #....##'#.# #
#..S####.........#
#
+(∩SS@5...^......#
#
#..S###..........#
# ###
####.......... .
#####+##### #


You could see a water moccasin (ally target), an adder, 2 ball pythons and a
friendly ufetubus (summoned).

Vanquished Creatures
  2 water moccasins (D:6)
  An ice beast (D:3)
  A black bear (D:4)
  A phantom (D:5)
  A necrophage (D:4)
  A scorpion (D:5)
  Jessica (D:3)
  2 iguanas (D:5)
  An orc wizard (D:6)
  3 gnolls (D:5)
  4 adders
  A worm (D:2)
  A dart slug (D:1)
  6 orcs
  5 ball pythons
  6 endoplasms
  4 giant cockroaches
  4 goblins
  8 hobgoblins
  10 jackals
  2 quokkas
  8 bats
  3 frilled lizards (D:1)
  3 kobolds
  3 rats
  A butterfly (Temple)
83 creatures vanquished.

Vanquished Creatures (collateral kills)
  A jelly (D:5)
  An orc (D:5)
2 creatures vanquished.

Vanquished Creatures (others)
  An ancestor (D:6)
1 creature vanquished.

Grand Total: 86 creatures vanquished

Notes
Turn   | Place    | Note
-------+----------+-------------------------------------------
     0 | D:1      | jlumianski the Demonspawn Gladiator began the quest for the
                  | Orb.
     0 | D:1      | Reached XP level 1. HP: 16/16 MP: 1/1
   476 | D:1      | Gained mutation: You are partially covered in razor-sharp
                  | scales. (AC +1, Slay +1) [demonic ancestry]
   476 | D:1      | Reached XP level 2. HP: 22/22 MP: 2/2
   494 | D:1      | Reached skill level 3 in Axes
  1082 | D:1      | Found a faded altar of an unknown god.
  1281 | D:2      | Gained mutation: A weak demonic guardian rushes to your
                  | aid. [demonic ancestry]
  1281 | D:2      | Reached XP level 3. HP: 26/27 MP: 3/3
  1423 | D:2      | Found a radiant altar of Vehumet.
  2134 | D:3      | Noticed Jessica
  2144 | D:3      | Killed Jessica
  2145 | D:3      | Reached skill level 4 in Axes
  2145 | D:3      | Reached skill level 1 in Armour
  2145 | D:3      | Gained mutation: You sometimes gain a little power by
                  | taking damage. [demonic ancestry]
  2145 | D:3      | Reached XP level 4. HP: 34/34 MP: 4/4
  2210 | D:3      | Found Saylitu's Jewellery Shop.
  2218 | D:3      | Noticed an ice beast
  2239 | D:3      | Killed an ice beast
  2240 | D:3      | Reached XP level 5. HP: 25/39 MP: 5/5
  2866 | D:3      | Noticed Grinder
  2868 | D:3      | Paralysed by something for 3 turns
  3213 | D:4      | Identified the +1 ring mail of Louk Luw {rPois rF- Will+}
  3349 | D:4      | Reached skill level 5 in Axes
  3349 | D:4      | Reached XP level 6. HP: 40/46 MP: 6/6
  3943 | D:5      | Entered Level 5 of the Dungeon
  3943 | D:5      | Found a staircase to the Ecumenical Temple.
  3955 | Temple   | Entered the Ecumenical Temple
  4026 | Temple   | Became a worshipper of Hepliaklqana the Forgotten
  4143 | D:5      | Found a hide-covered altar of Uskayaw.
  4416 | D:5      | Found Nedwimobb's Assorted Antiques.
  4560 | D:5      | Reached XP level 7. HP: 32/52 MP: 7/7
  4686 | D:5      | Reached * piety under Hepliaklqana
  4704 | D:5      | Found a shadowy altar of Dithmenos.
  4704 | D:5      | Found a stormy altar of Qazlal.
  4741 | D:5      | Found a sparkling altar of Nemelex Xobeh.
  4934 | D:5      | Reached skill level 1 in Stealth
  5259 | D:6      | Reached skill level 6 in Axes
  5415 | D:6      | Found Tucym's Serpentskin Sales.
  5439 | D:6      | HP: 2/47 [water moccasin (7)]
  5439 | D:6      | Slain by a water moccasin

Illustrated notes

Levels and vault maps discovered:
D:1:      wander_arrival_estate, layout_basic, ebering_ecumenical_altar_hall
D:2:      layout_basic, basic_altar, kennysheep_potato
D:3:      layout_basic, serial_shops, shop, chequers_serial_rivers_room_b,
          kennysheep_path_1, uniq_jessica, uniq_grinder
D:4:      layout_gridville, mainiacjoe_overflow_six_doors_small
D:5:      layout_cave_pools, nicolae_uskayaw_dance_hall,
          gammafunk_temple_overflow_claw, kennysheep_mini_moat,
          minmay_temple_entry_butterflies, serial_shops, shop,
          hangedman_decor_opposing, minmay_holes
D:6:      layout_basic, guppyfry_shop_venom
Temple:   hellmonk_temple_forest_ring

Skill      XL: |  1  2  3  4  5  6  7 |
---------------+----------------------+-----
Axes           | 3 4 5 6 |  6.2
Dodging        | 3 4 |  4.0
Armour         | 1 2 3 |  3.1
Fighting       | 3 |  3.7
Stealth        | 1 |  1.3
Ranged Weapons | |  0.2
Throwing       | |  1.9

Action                   |  1- 3 |  4- 6 |  7- 9 || total
-------------------------+-------+-------+-------++-------
Melee: War axe           |   120 |   148 |    35 ||   303
       Punch             |     1 |     1 |       ||     2
 Fire: Sling             |       |     5 |       ||     5
Throw: Javelin           |       |     1 |     2 ||     3
  Use: Scroll            |     8 |     6 |       ||    14
       Potion            |     1 |       |       ||     1
 Stab: Sleeping          |     1 |       |       ||     1
Armor: Leather armour    |     4 |       |       ||     4
       Ring mail         |    51 |    73 |       ||   124
       Chain mail        |       |    12 |       ||    12
       Plate armour      |       |    10 |    28 ||    38
Dodge: Dodged            |   109 |   111 |     1 ||   221

Table legend: (Time is in decaauts)
 A = Elapsed time spent in this place.
 B = Non-inter-level travel time spent in this place.
 C = Inter-level travel time spent in this place.
 D = Time resting spent in this place.
 E = Time spent auto-exploring this place.
 F = Levels seen in this place.
 G = Mean time per level.
                   A        B        C        D        E       F      G
               +--------+--------+--------+--------+--------+-----+--------+
         Total |   5539 |   5371 |    168 |    724 |   3008 |   7 |  791.3 |
       Dungeon |   5458 |   5290 |    168 |    724 |   3008 |   6 |  909.7 |
        Temple |     81 |     81 |      0 |      0 |      0 |   1 |   81.0 |
               +--------+--------+--------+--------+--------+-----+--------+

Top non-repeatable levels by time:
     D:1: 1329 daAuts
     D:5: 1070 daAuts
     D:3: 992 daAuts
     D:2: 907 daAuts
     D:4: 791 daAuts
     D:6: 367 daAuts
  Temple: 81 daAuts
